 Dungeon Crawl Stone Soup version 0.29-a0-872-g797fff5ad1 (webtiles) character file.

Game seed: 17299519688630926276

1987 jimonade the Twirler (level 9, -4/71 HPs)
             Began as a Formicid Fighter on July 18, 2022.
             Was a Follower of Wu Jian.
             Slain by a death yak (14 damage)
             ... on level 6 of the Dungeon.
             The game lasted 00:22:59 (6812 turns).

jimonade the Twirler (Formicid Fighter)             Turns: 6812, Time: 00:23:00

Health: -4/71      AC: 13    Str: 21    XL:     9   Next: 44%
Magic:  25/25      EV:  6    Int: 12    God:    Wu Jian [*.....]
Gold:   319        SH:  8    Dex: 16    Spells: 17/17 levels left

rFire   . . .      SeeInvis +   w - +9 morningstar of Starshine {drain, MP+9}
rCold   . . .      Faith    .   J - +2 buckler of Dextank {rN+ Dex+3}
rNeg    + . .      Spirit   .   R - +0 plate armour
rPois   .          Reflect  .   (helmet unavailable)
rElec   .          Harm     .   (no cloak)
rCorr   .          Rampage  .   (no gloves)
Will    .....                   i - +0 pair of boots
Stlth   ..........              x - amulet of the acrobat
HPRegen 0.21/turn               H - ring of flight
MPRegen 0.19/turn               (no ring)

@: flying
A: permanent stasis, dig shafts and tunnels, antennae 3, four strong arms
a: Dig, Shaft Self, Renounce Religion


You were on level 6 of the Dungeon.
You worshipped Wu Jian.
Wu Jian was aware of your devotion.
You visited 2 branches of the dungeon, and saw 10 of its levels.
You also visited: Sewer.

You collected 319 gold pieces.

Inventory:

Hand Weapons
 a - a +1 vampiric quarterstaff
 b - a +0 shortbow
 n - a +1 dagger of pain
 w - the +9 morningstar of Starshine (weapon) {drain, MP+9}
   (You found it on level 8 of the Dungeon)

   A truly terrible weapon, it drains the life of any living foe it strikes.
   MP:        It affects your magic capacity (+9).
 M - a +0 dagger
 U - a +0 quarterstaff
Missiles
 e - 3 boomerangs of dispersal
 h - 15 poisoned darts
 k - 38 stones
 K - 6 boomerangs
 L - a throwing net
Armour
 f - a +0 scale mail
 i - a +0 pair of boots (worn)
 j - a +0 leather armour
 r - a +0 chain mail
 y - +0 acid dragon scales
 J - the +2 buckler of Dextank (worn) {rN+ Dex+3}
   (You found it on level 3 of the Dungeon)

   Dex:       It affects your dexterity (+3).
   rN:        It protects you from negative energy.
 R - a +0 plate armour (worn)
 T - a +3 leather armour
Magical Staves
 c - a staff of fire
 v - a staff of poison
Jewellery
 x - an amulet of the acrobat (around neck)
 H - a ring of flight (left hand)
 O - an amulet of magic regeneration
Wands
 l - a wand of charming (11)
 u - a wand of iceblast (14)
Scrolls
 B - a scroll of magic mapping
 E - 2 scrolls of enchant armour
 I - a scroll of summoning
 P - a scroll of fog
 Q - a scroll of vulnerability
Potions
 d - a potion of might
 g - 3 potions of mutation
 m - a potion of magic
 o - a potion of heal wounds
 p - 2 potions of brilliance
 q - 2 potions of haste
 s - a potion of curing {unknown}
 t - 2 potions of lignification
 z - a potion of flight {unknown}
 D - 2 potions of ambrosia
 N - a potion of degeneration {unknown}
 S - a potion of cancellation {unknown}


   Skills:
 * Level 6.9 Fighting
 - Level 7.1 Staves
 + Level 0.7 Ranged Weapons
 + Level 5.7 Armour
 + Level 0.8 Dodging
 + Level 5.7 Shields
 * Level 4.7 Spellcasting
 * Level 1.1 Conjurations
 * Level 1.5 Poison Magic


You had 17 spell levels left.
You didn't know any spells.
Your spell library contained the following spells:

 Spells                   Type           Power      Damage    Failure   Level
 Magic Dart               Conj           20%        1d4       98%         1
 Call Imp                 Summ           2%         N/A       100%        2
 Dazzling Flash           Conj/Hex       8%         N/A       100%        3
 Frozen Ramparts          Ice            4%         1d2       100%        3
 Mephitic Cloud           Conj/Pois/Air  4%         N/A       100%        3
 Ice Form                 Ice/Tmut       2%         N/A       100%        4
 Iskenderun's Mystic Bla  Conj/Tloc      4%         2d3       100%        4
 Summon Ice Beast         Ice/Summ       2%         N/A       100%        4
 Starburst                Conj/Fire      2%         6d3       100%        6


Dungeon Overview and Level Annotations

Branches:
Dungeon (9/15)             Temple (1/1) D:4           Sewer (visited)
   Lair: D:8-11         Orc: D:9-12

Altars:
Ashenzari
Cheibriados
Dithmenos
Fedhas
Gozag
Hepliaklqana
Kikubaaqudgha
Makhleb
Nemelex Xobeh
Ru
Trog
Uskayaw
Vehumet
Wu Jian
Xom
Yredelemnul
Zin
The Shining One


Innate Abilities, Weirdness & Mutations

You cannot be hasted, slowed, berserked, paralysed or teleported.
You can dig through walls and to a lower floor.
You have a pair of large antennae on your head. (SInv)
Your four strong arms can wield two-handed weapons with a shield.


Message History

The white imp shouts!
Found a stone staircase leading up and a stone staircase leading down.
There is a stone staircase leading down here.
The death yak attacks as you move away! The death yak gores you!
The white imp gestures at you. The puff of frost misses you.
You spin and attack the death yak.
You hit the death yak. You drain the death yak.
The death yak is lightly wounded.
The death yak gores you but does no damage.
You puncture the white imp!
You kill the white imp!
The Council accepts your kill. The death yak closely misses you.
The death yak barely misses you. You block the death yak's attack.
The death yak gores you but does no damage.
The death yak attacks as you move away! The death yak gores you!!
There is a stone staircase leading up here.
The death yak gores you! x2
* * * LOW HITPOINT WARNING * * *
You fly upwards.
There is a stone staircase leading down here.
You spin and attack the death yak.
You hit the death yak but do no damage. The death yak gores you.
* * * LOW HITPOINT WARNING * * *
You spin and attack the death yak.
You puncture the death yak!
The death yak is lightly wounded.
The death yak gores you but does no damage.
The death yak attacks as you move away!
The death yak gores you but does no damage.
The death yak attacks as you move away! The death yak completely misses you.
The death yak attacks as you move away! The death yak gores you.
* * * LOW HITPOINT WARNING * * *
The death yak attacks as you move away! The death yak barely misses you. x2
You spin and attack the death yak.
You hit the death yak. You drain the death yak.
The death yak is lightly wounded.
The death yak gores you but does no damage.
The death yak attacks as you move away! The death yak gores you!
You die...

...###.#####......## ####).....#
.......#......##...#######...##..
.........#######>#............#..
...####### #.............§§..
#### #..............§§.
####.............§§§§
###................§§.§
#...#..............§§§§
##....Y@............§§##
#########....#Y.............§§##
#............#................#
#........#............#.....#.##
#........#.......##.............
#...............................
##########.....######...........
#..............[.......
#...#..................


You could see 2 death yaks.

Vanquished Creatures
  An acid dragon (D:8)
  2 water moccasins
  2 ice beasts
  2 ogres (D:5)
  A centaur (D:5)
  3 phantoms
  3 bullfrogs
  2 scorpions
  2 howler monkeys
  A jelly (D:4)
  3 hounds
  5 orc priests
  An iguana (D:6)
  Natasha (thrice) (D:4)
  2 orc wizards (D:6)
  Robin (D:4)
  A gnoll (D:1)
  6 adders
  A shadow imp (D:6)
  A white imp (D:7)
  4 ufetubi
  A worm (D:2)
  3 dart slugs
  14 orcs
  4 ball pythons
  9 bats
  7 endoplasms
  8 giant cockroaches
  17 goblins
  12 hobgoblins
  3 jackals
  2 quokkas
  3 frilled lizards
  4 kobolds
  6 rats
140 creatures vanquished.

Vanquished Creatures (collateral kills)
  A frilled lizard (D:3)
1 creature vanquished.

Grand Total: 141 creatures vanquished

Notes
Turn   | Place    | Note
-------+----------+-------------------------------------------
     0 | D:1      | jimonade the Formicid Fighter began the quest for the Orb.
     0 | D:1      | Reached XP level 1. HP: 18/18 MP: 1/1
   159 | D:1      | Reached XP level 2. HP: 24/24 MP: 2/2
   348 | D:1      | Reached XP level 3. HP: 30/30 MP: 3/3
   439 | D:1      | Found a faded altar of an unknown god.
   847 | D:1      | Reached skill level 1 in Spellcasting
  1335 | D:2      | Reached XP level 4. HP: 37/37 MP: 5/5
  2369 | D:3      | Reached skill level 3 in Staves
  2369 | D:3      | Reached XP level 5. HP: 42/42 MP: 7/7
  2396 | D:3      | Found a glowing drain.
  2400 | Sewer    | Entered a sewer
  2471 | Sewer    | Noticed a water moccasin
  2481 | Sewer    | Killed a water moccasin
  2482 | Sewer    | Reached XP level 6. HP: 44/49 MP: 7/9
  3181 | D:3      | Identified the +2 buckler of Dextank {rN+ Dex+3}
  3257 | D:4      | Reached skill level 4 in Staves
  3259 | D:4      | Noticed Robin
  3276 | D:4      | Killed Robin
  3420 | D:4      | Noticed Natasha
  3431 | D:4      | Killed Natasha
  3434 | D:4      | Reached XP level 7. HP: 48/55 MP: 10/10
  3448 | D:4      | Found a staircase to the Ecumenical Temple.
  3465 | Temple   | Entered the Ecumenical Temple
  3510 | Temple   | Became a worshipper of the Wu Jian Council
  3795 | D:4      | Noticed Natasha
  3811 | D:4      | Killed Natasha
  3812 | D:4      | Reached skill level 5 in Fighting
  3926 | D:4      | Noticed Natasha
  3929 | D:4      | Killed Natasha
  4058 | D:5      | Entered Level 5 of the Dungeon
  4281 | D:5      | Reached skill level 5 in Staves
  4281 | D:5      | Reached XP level 8. HP: 33/63 MP: 12/12
  4553 | D:5      | Reached skill level 5 in Armour
  4880 | D:5      | Reached skill level 6 in Staves
  5407 | D:6      | Reached skill level 5 in Shields
  5444 | D:7      | Reached XP level 9. HP: 68/70 MP: 15/15
  5631 | D:6      | Found a radiant altar of Vehumet.
  5772 | D:6      | Reached * piety under Wu Jian
  5808 | D:6      | Reached skill level 1 in Poison Magic
  5960 | D:6      | Found a bloodstained altar of Trog.
  5960 | D:6      | Found a snail-covered altar of Cheibriados.
  5962 | D:6      | Found a glowing silver altar of Zin.
  5962 | D:6      | Found a blossoming altar of Fedhas.
  6351 | D:7      | You are sucked into a shaft and drop 2 floors!
  6378 | D:8      | Found an opulent altar of Gozag.
  6386 | D:8      | Reached skill level 7 in Staves
  6391 | D:8      | Identified the +9 morningstar of Starshine {drain, MP+9}
  6416 | D:8      | Reached skill level 1 in Conjurations
  6787 | D:8      | Noticed a death yak
  6787 | D:8      | Noticed a death yak
  6788 | D:8      | Noticed a death yak
  6788 | D:8      | Noticed a death yak
  6788 | D:8      | Noticed a death yak
  6788 | D:8      | Noticed a death yak
  6788 | D:8      | Noticed a death yak
  6790 | D:8      | Noticed a death yak
  6812 | D:6      | Slain by a death yak

Illustrated notes

Levels and vault maps discovered:
D:1:      eino_arrival_druids_welcome, layout_rooms,
          hellmonk_ecumenical_altar_leap_of_faith, kennysheep_boxes
D:2:      layout_loops_corners, serial_aquarium, aquarium_bridge_long_separate
          [aquarium_subvault_bridge, aquarium_subvault_window,
          aquarium_subvault_wall, aquarium_subvault_bridge,
          aquarium_subvault_wall, aquarium_subvault_wall],
          aquarium_window_corridor_3, aquarium_window_corner,
          aquarium_window_fake, aquarium_window_1, aquarium_view_2g,
          aquarium_view_2b, aquarium_balcony_3a, aquarium_pool_1, hex_medium
D:3:      layout_loops_ring, gup_sewer_entry_spiral
D:4:      layout_rooms, minmay_temple_entry_mist, serial_glass, glass_columns_a,
          glass_columns_c, glass_columns_b, glass_columns_a, glass_columns_a,
          uniq_robin, uniq_natasha
D:5:      layout_basic, st_stairs_3
D:6:      layout_rooms, mainiacjoe_overflow_alcove_3, vehumet_crystals
D:7:      layout_rooms
D:8:      layout_rooms, elyvilon_altar_5,
          nicolae_gozag_cash_rules_everything_around_me, dpeg_lair_monsters
D:9:      wad_woods_minihive, layout_irregular_city, kennysheep_okawaru_gauntlet
Temple:   nicolae_temple_ecumenical_triangle

Skill      XL: |  1  2  3  4  5  6  7  8  9 |
---------------+----------------------------+-----
Spellcasting   | 1 2 3 4 |  4.7
Fighting       | 4 5 6 |  6.9
Staves         | 3 4 5 6 7 |  7.1
Armour         | 4 5 |  5.7
Shields        | 5 |  5.7
Poison Magic   | 1 |  1.5
Conjurations   | 1 |  1.1
Ranged Weapons | |  0.7
Dodging        | |  0.8

Action                   |  1- 3 |  4- 6 |  7- 9 || total
-------------------------+-------+-------+-------++-------
Melee: Quarterstaff      |    69 |   173 |   284 ||   526
       Morningstar       |       |       |     5 ||     5
 Fire: Sling             |    33 |       |       ||    33
Invok: Lunge             |       |       |    13 ||    13
       Whirlwind         |       |       |     4 ||     4
Evoke: Wand              |       |     1 |       ||     1
  Use: Scroll            |       |     3 |    15 ||    18
       Potion            |       |       |     2 ||     2
Armor: Scale mail        |    34 |       |       ||    34
       Chain mail        |     4 |   100 |    18 ||   122
       Plate armour      |       |       |   221 ||   221
Dodge: Dodged            |    38 |    62 |   150 ||   250
Block: Buckler           |    19 |    44 |   155 ||   218

Table legend: (Time is in decaauts)
 A = Elapsed time spent in this place.
 B = Non-inter-level travel time spent in this place.
 C = Inter-level travel time spent in this place.
 D = Time resting spent in this place.
 E = Time spent auto-exploring this place.
 F = Levels seen in this place.
 G = Mean time per level.
                   A        B        C        D        E       F      G
               +--------+--------+--------+--------+--------+-----+--------+
         Total |   6927 |   6675 |    252 |   1145 |   3476 |  11 |  629.7 |
       Dungeon |   6601 |   6357 |    244 |   1035 |   3416 |   9 |  733.4 |
        Temple |     54 |     46 |      8 |      0 |     30 |   1 |   54.0 |
         Sewer |    270 |    270 |      0 |    110 |     29 |   1 |  270.0 |
               +--------+--------+--------+--------+--------+-----+--------+

Top non-repeatable levels by time:
     D:5: 1183 daAuts
     D:2: 1110 daAuts
     D:1: 1044 daAuts
     D:3: 1027 daAuts
     D:6: 923 daAuts
     D:4: 827 daAuts
     D:8: 415 daAuts
   Sewer: 270 daAuts
  Temple: 54 daAuts
     D:7: 45 daAuts
     D:9: 25 daAuts
